 Dungeon Crawl Stone Soup version 0.32-a0-136-gc02482bde3 (webtiles) character file.

Game seed: 8922615851923925206

135 jestert79 the Cudgeller (level 4, 0/33 HPs)
             Began as a Demonspawn Wanderer on Feb 10, 2024.
             Was a Believer of Dithmenos.
             Incinerated by a bombardier beetle (2 damage)
             ... with a burning spray
             ... on level 3 of the Dungeon.
             The game lasted 00:04:55 (2340 turns).

jestert79 the Cudgeller (Demonspawn Wanderer)       Turns: 2340, Time: 00:04:56

Health: 0/33       AC:  5    Str: 15    XL:     4   Next: 96%
Magic:  4/4        EV: 10    Int: 11    God:    Dithmenos [**....]
Gold:   89         SH:  0    Dex: 13    Spells: 0/3 levels left

rFire   . . .        a - +0 mace
rCold   . . .        (no shield)
rNeg    . . .        d - +0 ring mail
rPois   .            (no helmet)
rElec   .            (no cloak)
rCorr   .            (no gloves)
SInv    .            (no boots)
Will    .....        (no amulet)
Stlth   +            (no ring)
HPRegen 1.25/turn    (no ring)
MPRegen 0.09/turn

%: no passive effects
@: on fire, glowing
A: powered by death 1, sturdy frame 1, demonic magic 1
a: Renounce Religion, Shadow Step


You were on level 3 of the Dungeon.
You worshipped Dithmenos.
Dithmenos was pleased with you.
You visited 1 branch of the dungeon, and saw 3 of its levels.

You collected 89 gold pieces.

Inventory:

Hand Weapons
 a - a +0 mace (weapon)
Missiles
 j - a throwing net (quivered)
 k - 4 poisoned darts
Armour
 d - a +0 ring mail (worn)
Jewellery
 g - a ring of resist corrosion
 h - a +5 ring of evasion
Scrolls
 c - a scroll of blinking
 e - a scroll of fog
 f - 2 scrolls of enchant weapon {unknown}
 i - 4 scrolls of identify {unknown}
 l - 2 scrolls of teleportation {unknown}
 m - a scroll of vulnerability {unknown}
Potions
 b - a potion of berserk rage
 n - a potion of cancellation {unknown}


   Skills:
 - Level 2.0 Fighting
 + Level 4.4 Maces & Flails
 - Level 1.7 Armour
 - Level 1.0 Stealth
 - Level 1.7 Unarmed Combat
 - Level 2.0 Evocations


You couldn't memorise any spells.
You knew the following spells:

 Your Spells              Type           Power      Damage    Failure   Level
a - Ozocubu's Armour      Ice            0%         N/A       83%         3

Your spell library contained the following spells:

 Spells                   Type           Power      Damage    Failure   Level
 Metabolic Englaciation   Hex/Ice        0%         N/A       100%        5
 Sculpt Simulacrum        Ice/Alch       0%         N/A       100%        6
 Malign Gateway           Summ/Tloc      0%         N/A       100%        7
 Summon Horrible Things   Summ           0%         N/A       100%        8


Dungeon Overview and Level Annotations

Branches:
Dungeon (3/15)

Altars:
Dithmenos

Annotations:
D:2 1 runed translucent door, Crazy Yiuf


Innate Abilities, Weirdness & Mutations

You regenerate a little health from kills.
Your movements are slightly less encumbered by armour. (ER -2)
Spells you cast may paralyse adjacent enemies.


Message History

The bombardier beetle bites you but does no damage.
You hit the bombardier beetle. You punch the bombardier beetle.
The bombardier beetle is moderately wounded.
The liquid fire burns you!
The bombardier beetle bites you but does no damage.
You hit the bombardier beetle but do no damage.
The bombardier beetle is moderately wounded.
The liquid fire burns you!
You barely miss the bombardier beetle.
The bombardier beetle is moderately wounded.
The liquid fire burns you!
The bombardier beetle sprays incendiary fluid at you.
The burning spray hits you.
You are covered in liquid fire!
You hit the bombardier beetle.
The bombardier beetle is heavily wounded.
The liquid fire burns you!
The bombardier beetle barely misses you.
You barely miss the bombardier beetle.
The bombardier beetle is heavily wounded.
The liquid fire burns you!
You hit the bombardier beetle.
The bombardier beetle is almost dead.
The liquid fire burns you!
The bombardier beetle sprays incendiary fluid at you.
The burning spray hits you.
You are even more covered in liquid fire!
You barely miss the bombardier beetle.
The bombardier beetle is almost dead.
The liquid fire burns you!
* * * LOW HITPOINT WARNING * * *
The bombardier beetle bites you but does no damage.
You hit the bombardier beetle.
You kill the bombardier beetle!
Dithmenos accepts your kill. The liquid fire burns you!
* * * LOW HITPOINT WARNING * * *
You shake off some of the fire as you move.
The liquid fire burns you!
You die...

#. #.#+### #.....#
#.....# # #.....# .###)
#.....# .....##########
#.....##
.......@..†...#.#.......
..........###.#.........
........#.....#.###.###.
........####..# #.###.
#.###.###.....# #....# #
...# #.##..#####.....
......#.###..........#
#......................#
#... ..#[.............#


There were no monsters in sight!

Vanquished Creatures
  A bombardier beetle (D:3)
  3 adders
  2 ribbon worms (D:2)
  A dart slug (D:2)
  3 orcs (D:3)
  5 ball pythons
  5 endoplasms
  4 giant cockroaches
  3 goblins
  7 hobgoblins
  6 jackals (D:2)
  4 kobolds
  3 quokkas
  5 bats
  2 frilled lizards (D:1)
  8 rats
62 creatures vanquished.

Notes
Turn   | Place    | Note
-------+----------+-------------------------------------------
     0 | D:1      | jestert79 the Demonspawn Wanderer began the quest for the
                  | Orb.
     0 | D:1      | jestert79 set off with the following items: a +0 mace, a
                  | potion of berserk rage, a scroll of blinking, a +0 ring
                  | mail, a scroll of fog.
     0 | D:1      | Reached XP level 1. HP: 16/16 MP: 1/1
   109 | D:1      | Gained mutation: Spells you cast may paralyse adjacent
                  | enemies. [demonic ancestry]
   109 | D:1      | Reached XP level 2. HP: 22/22 MP: 2/2
   111 | D:1      | Reached skill level 2 in Maces & Flails
   412 | D:1      | Found a faded altar of an unknown god.
   843 | D:1      | Gained mutation: Your movements are slightly less
                  | encumbered by armour. (ER -2) [demonic ancestry]
   843 | D:1      | Reached XP level 3. HP: 27/27 MP: 3/3
   843 | D:1      | Prayed at the altar of an unknown god.
   843 | D:1      | Became a worshipper of Dithmenos the Shadowed
   843 | D:1      | Reached * piety under Dithmenos
  1142 | D:2      | Reached skill level 3 in Maces & Flails
  1343 | D:2      | Gained mutation: You regenerate a little health from kills.
                  | [demonic ancestry]
  1343 | D:2      | Reached XP level 4. HP: 20/33 MP: 4/4
  1420 | D:2      | Learned a level 3 spell: Ozocubu's Armour
  1438 | D:2      | Reached ** piety under Dithmenos
  1527 | D:2      | Found a runed translucent door.
  1528 | D:2      | Noticed Crazy Yiuf
  2162 | D:3      | Reached skill level 4 in Maces & Flails
  2339 | D:3      | HP: 1/33 [burnt (6)]
  2340 | D:3      | Incinerated by a bombardier beetle

Illustrated notes

Levels and vault maps discovered:
D:1:      zaba_arrival_water, layout_basic,
          shapermc_ecumenical_altar_starsandcircs, serial_forest,
          infiniplex_forest_straight_2, infiniplex_forest_end_3,
          infiniplex_forest_end_2, infiniplex_forest_clump_diagonal,
          infiniplex_forest_lined_room_3, infiniplex_forest_end_2,
          infiniplex_forest_zigzag_1, infiniplex_forest_straight_2,
          hangedman_decor_clover_reticule
D:2:      layout_loops_ring, uniq_crazy_yiuf_cottage
D:3:      layout_basic

Skill      XL: |  1  2  3  4 |
---------------+-------------+-----
Maces & Flails | 2 3 4 |  4.4
Fighting       | |  2.0
Armour         | |  1.7
Stealth        | |  1.0
Unarmed Combat | |  1.7
Evocations     | |  2.0

Action                     |  1- 3 |  4- 6 || total
---------------------------+-------+-------++-------
  Melee: Mace              |   140 |    59 ||   199
         Punch             |     6 |     4 ||    10
   Stab: Sleeping          |     1 |     1 ||     2
 Armour: Ring mail         |    86 |    34 ||   120
  Dodge: Dodged            |    83 |    26 ||   109

Table legend: (Time is in decaauts)
 A = Elapsed time spent in this place.
 B = Non-inter-level travel time spent in this place.
 C = Inter-level travel time spent in this place.
 D = Time resting spent in this place.
 E = Time spent auto-exploring this place.
 F = Levels seen in this place.
 G = Mean time per level.
                   A        B        C        D        E       F      G
               +--------+--------+--------+--------+--------+-----+--------+
         Total |   2399 |   2321 |     78 |    123 |   1640 |   3 |  799.7 |
       Dungeon |   2399 |   2321 |     78 |    123 |   1640 |   3 |  799.7 |
               +--------+--------+--------+--------+--------+-----+--------+

Top non-repeatable levels by time:
     D:2: 1080 daAuts
     D:1: 1070 daAuts
     D:3: 247 daAuts
